 Dungeon Crawl Stone Soup version 0.31-a0-640-g39d97e502b (webtiles) character file.

Game seed: 2810582768301225070

581 qw the Shooter (level 7, -7/43 HPs)
             Began as a Gargoyle Hunter on Aug 27, 2023.
             Mangled by an ice beast (11 damage)
             ... on level 5 of the Dungeon.
             The game lasted 00:01:19 (3383 turns).

qw the Shooter (Gargoyle Hunter)                    Turns: 3383, Time: 00:01:19

Health: -7/43      AC: 13    Str: 14    XL:     7   Next: 36%
Magic:  7/7        EV: 11    Int: 10    God:
Gold:   101        SH:  0    Dex: 15    Spells: 6/6 levels left

rFire   + . .        Y - +0 shortbow
rCold   . . .        (shield currently unavailable)
rNeg    + . .        k - +0 ring mail {rF+}
rPois   inf          l - +2 helmet
rElec   +            (no cloak)
rCorr   .            (no gloves)
SInv    .            (no boots)
Will    .....        (no amulet)
Stlth   +            (no ring)
HPRegen 0.27/turn    (no ring)
MPRegen 0.10/turn

%: no passive effects
@: about to teleport
A: sickness immunity, AC +4, negative energy resistance 1, electricity
resistance, torment resistance 1, petrification resistance
a: no special abilities


You were on level 5 of the Dungeon.
You visited 1 branch of the dungeon, and saw 5 of its levels.

You collected 202 gold pieces.
You spent 101 gold pieces at shops.


Innate Abilities, Weirdness & Mutations

You are immune to sickness and miasma.
Your stone body is resilient. (AC +4)
You are immune to poison.
You resist negative energy. (rN+)
You are resistant to electric shocks. (rElec)
You are resistant to unholy torment.
You are immune to petrification.


   Skills:
 - Level 4.0 Fighting
 + Level 7.2 Ranged Weapons
 - Level 3.7 Armour
 - Level 1.5 Dodging
 - Level 1.1 Stealth


You had 6 spell levels left.
You didn't know any spells.
Your spell library was empty.

Inventory:

Hand Weapons
 Y - a +0 shortbow (weapon)
Armour
 k - a +0 ring mail of fire resistance (worn)
 l - a +2 helmet (worn)
Scrolls
 d - 3 scrolls of teleportation
 i - a scroll of identify
Potions
 b - 2 potions of might
 g - a potion of heal wounds
 h - a potion of degeneration {unknown}
 j - a potion of attraction {unknown}

Dungeon Overview and Level Annotations

Branches:
Dungeon (5/15)             Temple (0/1) D:5

Altars:
Cheibriados
Sif Muna
Xom

Shops:
D:1 (:?:   D:3 ?*[==

Annotations:
D:4 1 runed translucent door, Crazy Yiuf


Message History

You shoot an arrow. The arrow hits the ice beast.
The ice beast is almost dead.
Something hits you but does no damage. The ice beast hits you.
The ice beast freezes you!
You shoot an arrow.
The arrow hits the ice beast but does no damage.
The ice beast is almost dead.
Something hits you but does no damage.
The ice beast hits you but does no damage.
You shoot an arrow.
The arrow hits the ice beast but does no damage.
The ice beast is almost dead.
Something hits you but does no damage. The ice beast closely misses you.
You shoot an arrow.
The arrow hits the ice beast but does no damage.
The ice beast is almost dead.
Something hits you but does no damage. The ice beast barely misses you.
You shoot an arrow.
The arrow hits the ice beast but does no damage.
The ice beast is almost dead.
You hear some strange, mumbled words.
Something tries to affect you, but you resist.
The ice beast closely misses you.
You shoot an arrow. The arrow barely misses the ice beast.
The arrow hits the ogre.
The ogre is lightly wounded.
The ice beast barely misses you. Something hits you but does no damage.
You shoot an arrow.
The arrow hits the ice beast but does no damage.
The ice beast is almost dead.
The orc hits you but does no damage. The ice beast hits you.
The ice beast freezes you! Something hits you but does no damage.
The ice beast hits you but does no damage.
The orc barely misses you.
3383 ||| READING 4 scrolls of teleportation.
As you read the scroll of teleportation, it crumbles to dust.
You feel strangely unstable. Something hits you but does no damage.
The ice beast hits you. The ice beast freezes you!
You die...

...............
##.##...#....##
........#.##...
##.#.##.......##.
#. #.#..=.##..#...
..
......!#.....#.##.#
.....#.#.##...S..
###. #......##o#
#....##.>OY@.#
#.##......##....#
#.....#.##....##.#
.##.#. ..##.. .#
...#.. ..#
.##.#..##.# o. .
.... .. .. ##
##....#


You could see an ice beast, an ogre, an adder and an orc.

Vanquished Creatures
  Eustachio (D:4)
  An ogre (D:4)
  A phantom (D:4)
  Blork the orc (D:4)
  An orc priest (D:5)
  Ijyb (D:3)
  An orc wizard (D:4)
  6 adders
  2 worms
  A dart slug (D:1)
  2 orcs (D:4)
  7 ball pythons
  6 bats
  7 endoplasms
  6 giant cockroaches
  6 goblins
  7 hobgoblins
  10 jackals
  3 kobolds
  2 frilled lizards (D:2)
  4 rats
76 creatures vanquished.

Notes
Turn   | Place    | Note
-------+----------+-------------------------------------------
     0 | D:1      | qw the Gargoyle Hunter began the quest for the Orb.
     0 | D:1      | Reached XP level 1. HP: 12/12 MP: 1/1
     0 | D:1      | 0 ||| qw: Version: 0.3-a-74-g56b0e0c
     0 | D:1      | 0 ||| qw: Game counter: 7
     0 | D:1      | 0 ||| qw: Melee chars always use a shield: true
     0 | D:1      | 0 ||| qw: God list: Okawaru
     0 | D:1      | 0 ||| qw: Allow faded altars: false
     0 | D:1      | 0 ||| qw: Do Orc after clearing Dungeon:15 true
     0 | D:1      | 0 ||| qw: Do second Lair branch before Depths: true
     0 | D:1      | 0 ||| qw: Lair rune preference: random
     0 | D:1      | 0 ||| qw: Goals: Normal
     0 | D:1      | 0 ||| PLANNING D:1-11
    60 | D:1      | Found Zorowok's Book Shop.
   137 | D:1      | Found Voenenuu's Book Emporium.
   216 | D:1      | Reached XP level 2. HP: 17/17 MP: 2/2
   322 | D:1      | Found a faded altar of an unknown god.
   348 | D:1      | Found Dabe Oto's Weapon Shoppe.
   438 | D:1      | Reached XP level 3. HP: 20/21 MP: 3/3
   538 | D:1      | Found Bukupn's Magic Scroll Shoppe.
   572 | D:1      | 572 ||| SHOPLISTING scroll of enchant armour (105 gold,
                  | have 42).
   572 | D:1      | 572 ||| BUYING scroll of identify (28 gold).
   572 | D:1      | Bought a scroll of identify for 28 gold pieces
   572 | D:1      | 572 ||| SHOPLISTING scroll of teleportation (42 gold, have
                  | 14).
   580 | D:1      | 580 ||| READING scroll labelled FIZAET ZUSHERI.
   581 | D:1      | 581 ||| READING scroll labelled ZUZ SOBIB MOF.
   582 | D:1      | 582 ||| READING scroll labelled IFRIAR BUKOKH.
   587 | D:1      | 587 ||| DROPPING scroll of butterflies.
   619 | D:2      | Reached skill level 5 in Ranged Weapons
   744 | D:2      | Reached skill level 3 in Fighting
   920 | D:2      | Reached XP level 4. HP: 28/28 MP: 4/4
  1206 | D:3      | Found Ovosser's Magic Scroll Emporium.
  1214 | D:3      | 1214 ||| SHOPLISTING scroll of enchant armour (97 gold,
                  | have 89).
  1214 | D:3      | 1214 ||| BUYING scroll of teleportation (39 gold).
  1214 | D:3      | Bought a scroll of teleportation for 39 gold pieces
  1224 | D:3      | Found Areyhiod's Assorted Antiques.
  1232 | D:3      | 1232 ||| SHOPLISTING polished leather armour (119 gold,
                  | have 62).
  1232 | D:3      | 1232 ||| BUYING scroll labelled FUFROSURAT (17 gold).
  1232 | D:3      | Bought a scroll labelled FUFROSURAT for 17 gold pieces
  1232 | D:3      | 1232 ||| BUYING scroll labelled PAFEOL INYEMIX (17 gold).
  1232 | D:3      | Bought a scroll labelled PAFEOL INYEMIX for 17 gold pieces
  1232 | D:3      | 1232 ||| SHOPLISTING scroll of identify (34 gold, have 28).
  1355 | D:3      | Noticed Ijyb
  1364 | D:3      | Killed Ijyb
  1365 | D:3      | Reached skill level 6 in Ranged Weapons
  1365 | D:3      | Reached XP level 5. HP: 16/32 MP: 5/5
  1444 | D:3      | Found Fagup's Jewellery Boutique.
  1453 | D:3      | 1453 ||| SHOPLISTING +6 ring of strength (360 gold, have
                  | 46).
  1453 | D:3      | 1453 ||| SHOPLISTING ring "Vybrien" {Wiz rF+} (440 gold,
                  | have 46).
  1453 | D:3      | 1453 ||| SHOPLISTING ring of Tewkum {rCorr Int+3} (333
                  | gold, have 46).
  1453 | D:3      | 1453 ||| SHOPLISTING ring of ice (250 gold, have 46).
  1453 | D:3      | 1453 ||| SHOPLISTING ring of resist corrosion (200 gold,
                  | have 46).
  1493 | D:3      | Found Inuqia's Antique Armour Shop.
  1496 | D:3      | 1496 ||| SHOPLISTING helmet (135 gold, have 46).
  1496 | D:3      | 1496 ||| SHOPLISTING pair of boots (135 gold, have 46).
  1511 | D:3      | Found Raennupn's Jewellery Shoppe.
  1517 | D:3      | 1517 ||| SHOPLISTING +5 ring of evasion (504 gold, have
                  | 46).
  1517 | D:3      | 1517 ||| SHOPLISTING +6 ring of strength (504 gold, have
                  | 46).
  1517 | D:3      | 1517 ||| SHOPLISTING amulet of faith (560 gold, have 46).
  1517 | D:3      | 1517 ||| SHOPLISTING amulet of regeneration (420 gold, have
                  | 46).
  1517 | D:3      | 1517 ||| SHOPLISTING ring "Cagamoick" {rC+ Int-3 Dex+6}
                  | (536 gold, have 46).
  1517 | D:3      | 1517 ||| SHOPLISTING ring of fire (350 gold, have 46).
  1980 | D:3      | 1980 ||| UPGRADING to +0 ring mail of fire resistance.
  1990 | D:3      | 1990 ||| DROPPING +0 leather armour.
  1991 | D:3      | 1991 ||| UPGRADING to +2 helmet.
  1996 | D:3      | 1996 ||| READING scroll labelled FUFROSURAT.
  1997 | D:3      | 1997 ||| READING scroll labelled PAFEOL INYEMIX.
  1998 | D:3      | 1998 ||| DRINKING 2 coppery potions.
  2044 | D:3      | 2044 ||| DRINKING 3 bubbling cyan potions.
  2045 | D:3      | 2045 ||| READING 2 scrolls of identify.
  2045 | D:3      | 2045 ||| IDENTIFYING viscous purple potion
  2046 | D:3      | 2046 ||| DROPPING potion of lignification.
  2065 | D:4      | Noticed Eustachio
  2077 | D:4      | 2077 ||| Stepping ~*~*~tactically~*~*~ (retreating).
  2078 | D:4      | 2078 ||| Stepping ~*~*~tactically~*~*~ (retreating).
  2079 | D:4      | 2079 ||| Stepping ~*~*~tactically~*~*~ (retreating).
  2080 | D:4      | 2080 ||| Stepping ~*~*~tactically~*~*~ (retreating).
  2094 | D:4      | Killed Eustachio
  2095 | D:4      | Reached skill level 3 in Armour
  2095 | D:4      | Reached XP level 6. HP: 23/37 MP: 6/6
  2252 | D:4      | Noticed Blork the orc
  2264 | D:4      | Killed Blork the orc
  2518 | D:4      | Found a shimmering altar of Xom.
  2754 | D:4      | Found a runed translucent door.
  2755 | D:4      | Noticed Crazy Yiuf
  2858 | D:4      | Reached XP level 7. HP: 43/43 MP: 7/7
  2916 | D:4      | Found a snail-covered altar of Cheibriados.
  2941 | D:4      | Found a shimmering blue altar of Sif Muna.
  2954 | D:4      | Reached skill level 7 in Ranged Weapons
  3318 | D:4      | 3318 ||| READING scroll labelled MESSIMIMEO.
  3319 | D:4      | 3319 ||| READING scroll labelled CENIAV JAQIZY.
  3342 | D:5      | Entered Level 5 of the Dungeon
  3349 | D:5      | Found a staircase to the Ecumenical Temple.
  3350 | D:5      | 3350 ||| PLANNING TEMPLE
  3350 | D:5      | 3350 ||| DROPPING ring of magical power.
  3363 | D:5      | 3363 ||| Stepping ~*~*~tactically~*~*~ (retreating).
  3366 | D:5      | 3366 ||| Stepping ~*~*~tactically~*~*~ (retreating).
  3367 | D:5      | 3367 ||| Stepping ~*~*~tactically~*~*~ (retreating).
  3382 | D:5      | HP: 7/43 [ice beast (11)]
  3383 | D:5      | 3383 ||| READING 4 scrolls of teleportation.
  3383 | D:5      | Mangled by an ice beast

Levels and vault maps discovered:
D:1:      sevenhm_arrival_forest_fort_small_6, layout_rooms, serial_shops,
          nicolae_shop_tiny_glass, nicolae_lakefront_shop, shop, shop,
          hellmonk_ecumenical_altar_leap_of_faith
D:2:      layout_loops_ring, grunt_decor_arrowhead, st_stairs_13,
          minmay_pentomino_q2
D:3:      layout_loops_ring, serial_shops, nicolae_diamond_shop,
          nicolae_shop_real_fake_doors, shop, shop, nicolae_shop_stone,
          uniq_ijyb
D:4:      layout_layer_cave, nicolae_sif_muna_little_library,
          general_overflow_altar, overflow_temple_1_default, serial_forest,
          infiniplex_forest_lined_2, infiniplex_forest_lined_2,
          infiniplex_forest_clump_double, infiniplex_forest_lined_4_way,
          infiniplex_forest_fountain, infiniplex_forest_zigzag_1,
          infiniplex_forest_clump_diagonal, infiniplex_forest_corner_2,
          minmay_splitting_lines, hangedman_decor_points,
          grunt_decor_mini_mirrors, uniq_eustachio, uniq_crazy_yiuf_cottage,
          uniq_blork_the_orc
D:5:      kennysheep_big_flooded_room, layout_loops_ring,
          mainiacjoe_overflow_tiny_flanked, minmay_temple_entry_ruins

Skill      XL: |  1  2  3  4  5  6  7 |
---------------+----------------------+-----
Ranged Weapons | 5 6 7 |  7.2
Fighting       | 3 4 |  4.0
Armour         | 3 |  3.7
Dodging        | |  1.5
Stealth        | |  1.1

Action                     |  1- 3 |  4- 6 |  7- 9 || total
---------------------------+-------+-------+-------++-------
   Fire: Shortbow          |   116 |   174 |    35 ||   325
    Use: Scroll            |     3 |     3 |     3 ||     9
         Potion            |       |     2 |       ||     2
 Armour: Leather armour    |    23 |    17 |       ||    40
         Ring mail         |       |    21 |    21 ||    42
  Dodge: Dodged            |    23 |    35 |    17 ||    75

Table legend:
 A = Non-vault XP
 B = Vault XP
 C = Vault XP percentage of total XP
 D = Non-vault monster count
 E = Vault monster count
 F = Vault count percentage of total count
                 A         B        C        D         E       F
            +---------+---------+-------+---------+---------+-------
      Total |     495 |     335 |  40.4 |      71 |       5 |   6.6
            +---------+---------+-------+---------+---------+-------
        D:1 |      38 |       0 |   0.0 |      19 |       0 |   0.0
        D:2 |      64 |       7 |   9.9 |      25 |       2 |   7.4
        D:3 |      56 |      36 |  39.1 |      14 |       1 |   6.7
        D:4 |     296 |     292 |  49.7 |      12 |       2 |  14.3
        D:5 |      41 |       0 |   0.0 |       1 |       0 |   0.0
            +---------+---------+-------+---------+---------+-------
